Map: Efflorescence LE

Players

qqq - Winner!

  • Race: Zerg Zerg
  • League: Platinum
  • Spawn Location: 9:00

Massa - Winner!

  • Race: Terran Terran
  • League: Platinum
  • Spawn Location: 6:00

Shadowsong

  • Race: Terran Terran
  • League: Gold
  • Spawn Location: 12:00

Grampa

  • Race: Terran Terran
  • League: Diamond
  • Spawn Location: 3:00

VOD

Have the link to the VOD?

Description

Time

  • Played on: Nov. 27, 2020, 4:56 p.m.
  • Length: 5:25
Show
View Real Time Build Order
Export as new Build Order

qqq Zerg - Winner!

Build Orders: Pool First 

Get SALT Encoding   

  12  0:02  Drone  
  13  0:08  Drone  
  14  0:18  Overlord  
  14  0:40  Spawning Pool  
  14  0:42  Drone  
  14  0:43  Drone  
  15  0:52  Extractor  
  15  0:57  Drone  
  15  1:01  Drone  
  16  1:07  Drone  
  17  1:26  Drone  
  17  1:28  Hatchery  
  17  1:40  Queen  
  19  1:53  Drone  
  20  1:54  Metabolic Boost  
  20  2:04  Drone  
  20  2:05  Drone  
  22  2:09  Overlord  
  22  2:39  Drone  
  22  2:40  Zergling x4, Baneling Nest  
  22  2:41  Drone  
  22  2:44  Queen  
  27  2:52  Zergling x2  
  27  2:53  Drone  
  27  2:57  Overlord  
  29  3:02  Zergling x2  
  29  3:03  Zergling x2  
  31  3:06  Drone  
  31  3:10  Zergling x2  
  33  3:19  Zergling x2  
  34  3:21  Zergling x2  
  34  3:25  Zergling x2  
  34  3:26  Zergling x4  
  38  3:32  Zergling x2  
  39  3:48  Zergling x4  
  41  3:49  Zergling x4  
  41  3:53  Baneling x5  
  41  3:54  Baneling  
  41  3:55  Zergling x2  
  44  3:57  Overlord  
  44  4:10  Roach Warren  
  43  4:30  Zergling x8  
  43  4:31  Drone, Zergling x4  
  44  5:03  Zergling x2  
  44  5:04  Zergling x10  
Show
View Real Time Build Order
Export as new Build Order

Massa Terran - Winner!

Build Orders:  

Get SALT Encoding   

  12  0:00  SCV  
  13  0:12  SCV  
  14  0:18  Supply Depot  
  14  0:24  SCV  
  15  0:40  SCV  
  15  0:41  Barracks  
  16  0:49  Supply Depot  
  16  0:54  SCV  
  17  0:59  Refinery  
  17  1:06  SCV  
  18  1:19  SCV  
  18  1:22  Barracks  
  19  1:30  Barracks  
  19  1:36  Barracks Tech Lab  
  19  1:41  Orbital Command  
  19  1:51  Supply Depot  
  19  1:54  Marine  
  20  2:08  SCV  
  21  2:10  Marine  
  21  2:12  Marine  
  23  2:17  Marine  
  23  2:20  Stimpack  
  24  2:28  Marine  
  25  2:30  Marauder  
  25  2:35  Marine, Supply Depot  
  28  2:46  Reaper  
  29  2:52  Marauder  
  29  2:53  Marine  
  32  3:10  Marine  
  33  3:13  Marauder  
  33  3:17  Marine  
  36  3:28  Marine  
  37  3:34  Marauder  
  37  3:35  Marine  
  40  3:46  Marine  
  41  3:52  Command Center  
  41  3:53  Marine  
  42  3:56  Marauder  
  44  4:04  Marine  
  44  4:06  Concussive Shells  
  45  4:11  Marine  
  46  4:22  Marine  
  47  4:40  Marauder  
  45  4:46  Marine x2  
  46  5:04  Marine x2  
  50  5:13  Supply Depot  
  50  5:14  Supply Depot  
  50  5:15  Supply Depot  
Show
View Real Time Build Order
Export as new Build Order

Shadowsong Terran 

Build Orders: Banshee Rush 

Get SALT Encoding   

  12  0:00  SCV  
  13  0:12  SCV  
  14  0:19  Supply Depot  
  14  0:24  SCV  
  15  0:41  Barracks  
  15  0:43  SCV  
  15  0:47  Refinery  
  16  0:55  SCV  
  17  0:57  Refinery  
  17  1:07  SCV  
  18  1:23  SCV  
  19  1:30  Supply Depot  
  19  1:32  Marine  
  20  1:35  Orbital Command  
  20  1:46  Factory  
  20  2:07  SCV  
  21  2:10  Supply Depot  
  21  2:19  SCV  
  22  2:35  Starport  
  22  2:37  Starport  
  22  2:40  SCV  
  23  2:52  SCV  
  23  2:53  Supply Depot  
  24  3:06  SCV  
  24  3:11  Starport Tech Lab  
  25  3:13  Starport Tech Lab  
  25  3:18  SCV  
  26  3:30  SCV  
  27  3:46  Banshee x2  
  27  3:48  Cloaking Field  
  32  3:50  SCV  
  33  3:59  Factory Tech Lab  
  33  4:21  Command Center  
  33  4:29  Banshee x2  
  39  5:13  Supply Depot  
  39  5:14  Supply Depot x2  
Show
View Real Time Build Order
Export as new Build Order

Grampa Terran 

Build Orders:  

Get SALT Encoding   

  12  0:00  SCV  
  13  0:15  Supply Depot  
  13  0:18  SCV  
  14  0:30  SCV  
  15  0:37  Barracks  
  15  0:42  SCV  
  16  0:47  Refinery  
  16  0:54  SCV  
  17  1:07  SCV  
  18  1:19  SCV  
  19  1:36  Marine  
  20  1:45  Orbital Command  
  20  1:47  Command Center  
  20  1:58  Factory  
  20  2:06  Barracks Reactor  
  20  2:11  SCV  
  20  2:15  Refinery  
  21  2:27  SCV  
  22  2:46  Supply Depot  
  22  2:47  SCV  
  27  2:58  Barracks Tech Lab, Hellion x2  
  27  3:01  Orbital Command  
  27  3:03  SCV  
  28  3:13  Supply Depot  
  28  3:16  Starport, SCV  
  31  3:20  Hellion  
  31  3:26  Hellion  
  33  3:29  Marine  
  34  3:40  SCV  
  35  3:50  Armory  
  35  3:55  Medivac  
  37  3:58  SCV  
  37  4:00  SCV  
  41  4:10  Hellion x2  
  41  4:17  SCV x2  
  45  4:29  SCV x2  
  47  4:32  Refinery  
Tags
 
Add a new tag
Caveats
  • Supply blocks, unpowered buildings, or Contaminate may cause inaccurate times.
  • Supply counts are checked every 10 seconds.